 Dungeon Crawl Stone Soup version 0.24.0-1-gfbc8707122 (webtiles) character file.

Game seed: 13583362788809314765, levelgen mode: classic

832 EnegeticOcto the Sneak (level 7, -7/47 HPs)
             Began as an Octopode Air Elementalist on Oct 27, 2019.
             Killed from afar by Dowan (8 damage)
             ... with a puff of frost
             ... on level 5 of the Dungeon.
             The game lasted 00:07:16 (4178 turns).

EnegeticOcto the Sneak (Octopode Air Elementalist)  Turns: 4178, Time: 00:07:16

Health: -7/47      AC:  1    Str:  7    XL:     7   Next: 98%
Magic:  10/10      EV: 13    Int: 19    God:
Gold:   314        SH:  5    Dex: 13    Spells: 9/10 levels left

rFire    . . .     SeeInvis .   h - +1 short sword (elec)
rCold    . . .     Gourm    .   b - +0 buckler
rNeg     . . .     Faith    +   (helmet restricted)
rPois    .         Spirit   .   B - amulet of faith
rElec    .         Reflect  .   (no ring)
rCorr    .         Harm     .   (no ring)
MR       .....                  (no ring)
Stlth    ++++......             (no ring)
HPRegen  0.15/turn              (no ring)
MPRegen  0.12/turn              (no ring)
                                (no ring)
                                (no ring)

@: no status effects
A: almost no armour, stealthy swim, amphibious, 8 rings, constrict 8, camouflage
1, gelatinous body 1
a: no special abilities


You were on level 5 of the Dungeon.
You were not hungry.

You visited 1 branch of the dungeon, and saw 5 of its levels.

You collected 314 gold pieces.

Inventory:

Hand Weapons
 h - a +1 short sword of electrocution (weapon)
 n - a +0 short sword
Missiles
 y - a throwing net (quivered) {!f}
Armour
 b - a +0 buckler (worn)
Jewellery
 i - an uncursed amulet of regeneration
 B - an amulet of faith (around mantle)
Wands
 w - a wand of iceblast (4)
 A - a wand of flame (21)
Scrolls
 a - a scroll of immolation {unknown}
 d - 2 scrolls of remove curse {@r2}
 g - 4 scrolls of teleportation {@r3 !r}
 k - a scroll of enchant armour {unknown}
 m - 3 scrolls of fear {!r}
 t - a scroll of blinking {unknown}
 u - a scroll of amnesia {unknown}
 v - 2 scrolls of magic mapping {unknown}
 z - a scroll of enchant weapon {unknown}
Potions
 c - a potion of brilliance {unknown}
 j - a potion of lignification {@q6}
 l - 2 potions of heal wounds {@q2 !q}
 o - 4 potions of berserk rage
 p - 2 potions of curing {unknown}
 q - a potion of agility {unknown}
 s - 2 potions of might {@q3 !q}
 x - a potion of mutation {unknown}
Comestibles
 e - 5 rations


   Skills:
 + Level 3.8 Fighting
 + Level 3.7 Short Blades
 - Level 2.0 Dodging
 + Level 5.8 Stealth
 - Level 4.3 Shields
 - Level 2.0 Spellcasting
 - Level 2.7 Conjurations
 - Level 3.0 Air Magic


You had 9 spell levels left.
You knew the following spells:

 Your Spells              Type           Power        Failure   Level  Hunger
a - Shock                 Conj/Air       ##..         5%          1    #......

Your spell library contained the following spells:

 Spells                   Type           Power        Failure   Level  Hunger
 Swiftness                Chrm/Air       #.......     14%         2    ###....
 Static Discharge         Conj/Air       ##......     16%         3    ###....
 Airstrike                Air            ##........   43%         4    #####..
 Lightning Bolt           Conj/Air       ##........   82%         5    ######.


Dungeon Overview and Level Annotations

Branches:
Dungeon (5/15)
 Temple: D:4-7

Altars:
Dithmenos

Annotations:
D:5 Dowan, Duvessa


Innate Abilities, Weirdness & Mutations

You cannot wear most types of armour.
You are very stealthy in the water. (Stealth+)
You are amphibious.
You can wear up to eight rings at the same time.
You can use your tentacles to constrict eight enemies at once.
Your skin changes colour to match your surroundings (Stealth+).
Your rubbery body absorbs attacks. (AC +1, EV +1)


Message History

You are too injured to fight recklessly!
You are too injured to fight recklessly!
You are too injured to fight recklessly!
You are too injured to fight recklessly!
You are too injured to fight recklessly!
You are too injured to fight recklessly!
You are too injured to fight recklessly!
You are too injured to fight recklessly!
You release your grip on the worker ant.
You feel sick.
The howler monkey hoots and howls with incredible vigour!
You feel sick.
You feel sick.
The howler monkey hoots and howls with incredible vigour!
You feel sick.
You feel sick. The howler monkey hits you.
* * * LOW HITPOINT WARNING * * *
Unknown command.
Really quaff
l - 3 potions of heal wounds {@q2 !q}?
You feel much better. The howler monkey hits you.
The howler monkey hoots and howls with incredible vigour!
You feel sick.
There is a stone staircase leading up here.
You climb upwards.
You feel sick.
You are no longer poisoned.
There is a stone staircase leading down here.
You start resting.
You are feeling very hungry.
You start resting.
HP restored.
You climb downwards.
The howler monkey barely misses you. The worker ant bites you.
You block the howler monkey's attack. The worker ant bites you.
There is a stone staircase leading up here.
The howler monkey hits you! You block the howler monkey's attack.
You barely miss the howler monkey. Your grab misses the howler monkey.
The howler monkey misses you.
You hit the howler monkey but do no damage.
Lightning courses through the howler monkey!!
You grab the howler monkey.
The howler monkey is almost dead.
You constrict the howler monkey. You block the howler monkey's attack.
You hit the howler monkey.
Lightning courses through the howler monkey!
You kill the howler monkey!
You hit the worker ant. You grab the worker ant.
The worker ant is moderately wounded.
You constrict the worker ant, but do no damage.
You block the worker ant's attack.
You hit the worker ant.
Lightning courses through the worker ant!
You squeeze the worker ant.
You kill the worker ant!
You see here a worker ant corpse.
You are near starving!
HP restored.
You butcher the worker ant corpse.
f - 2 chunks of flesh Eating one of 2 chunks of flesh.
You eat one of the 2 chunks of flesh.
This raw flesh tastes terrible.
You are feeling hungry.
Eating a chunk of flesh.
You eat the chunk of flesh.
This raw flesh tastes terrible.
Done exploring.
Done exploring.
(D) Dungeon
Where to? (Enter - D:5, ? - help)
There is a stone staircase leading down, spattered with blood here.
You climb downwards.
Level annotation: Duvessa Duvessa hits you with a +0 short sword.
A centaur comes into view.
Duvessa closely misses you. You block the adder skeleton's attack.
There is a stone staircase leading up, spattered with blood here.
You completely miss Duvessa. Your grab misses Duvessa.
Dowan, Brother of Duvessa comes into view.
He is wielding a +0 dagger.
Duvessa hits you with a +0 short sword.
The adder skeleton bites you but does no damage.
You hit the adder skeleton.
Lightning courses through the adder skeleton!
You grab the adder skeleton.
The adder skeleton is severely damaged.
You constrict the adder skeleton. You block the adder skeleton's attack.
Duvessa hits you with a +0 short sword.
You hit the adder skeleton.
The adder skeleton is almost destroyed.
You constrict the adder skeleton.
You destroy the adder skeleton!
The centaur wields a +0 shortbow.
The centaur shoots an arrow.
The arrow hits you! Duvessa hits you with a +0 short sword!
* * * LOW HITPOINT WARNING * * *
The centaur shoots an arrow.
The arrow hits you!
* * * LOW HITPOINT WARNING * * *
Duvessa hits you with a +0 short sword.
* * * LOW HITPOINT WARNING * * *
Dowan points at you and mumbles some strange words.
The puff of frost hits you!
You die...

..................#....
......h.h...#.#.......#
...........?#.#..##..#
..........>.e....#...##
.......).(.c..........#
...#...........<.......
.. ###..#..........##..
. #..##.....e..##
#...##.....@..#
##.###............. ..
##...........# ##.
#............
#............
.....#.#......
....#####...#.. ....
.###..


You could see Duvessa, Dowan, a centaur and a jackal (wandering).

Vanquished Creatures
  Pikel (D:4)
  A slave (D:4)
  A scorpion (D:4)
  A howler monkey (D:4)
  A bullfrog skeleton (D:3)
  An orc priest (D:3)
  2 orc wizards (D:4)
  A worker ant (D:4)
  5 adders
  2 oozes
  2 adder skeletons
  4 worms
  A dart slug (D:1)
  A leopard gecko (D:2)
  5 orcs
  A ball python (D:4)
  6 giant cockroaches
  4 goblins
  10 hobgoblins
  7 jackals
  A quokka (D:4)
  13 bats
  3 frilled lizards
  10 kobolds
  A leopard gecko zombie (D:4)
  6 rats
91 creatures vanquished.

Vanquished Creatures (others)
  A crimson imp (D:4)
  A worker ant (D:4)
2 creatures vanquished.

Grand Total: 93 creatures vanquished

Notes
Turn   | Place    | Note
-------+----------+-------------------------------------------
     0 | D:1      | EnegeticOcto the Octopode Air Elementalist began the quest
                  | for the Orb.
     0 | D:1      | Reached XP level 1. HP: 11/11 MP: 3/3
   102 | D:1      | Reached skill level 3 in Stealth
   210 | D:1      | Reached XP level 2. HP: 17/17 MP: 1/5
   324 | D:1      | Reached skill level 1 in Shields
  1044 | D:2      | Reached XP level 3. HP: 20/21 MP: 0/6
  1495 | D:2      | Reached XP level 4. HP: 26/27 MP: 1/7
  2440 | D:3      | Found a shadowy altar of Dithmenos.
  2482 | D:3      | Reached skill level 1 in Fighting
  2482 | D:3      | Reached XP level 5. HP: 22/33 MP: 8/8
  2550 | D:3      | Reached skill level 1 in Short Blades
  3029 | D:4      | Reached XP level 6. HP: 30/39 MP: 9/9
  3099 | D:4      | Noticed a slave
  3101 | D:4      | Noticed a slave
  3101 | D:4      | Noticed a slave
  3103 | D:4      | Noticed Pikel
  3104 | D:4      | Noticed a slave
  3120 | D:4      | Killed a slave
  3122 | D:4      | Killed Pikel
  3122 | D:4      | Reached skill level 5 in Stealth
  3122 | D:4      | Reached XP level 7. HP: 40/46 MP: 10/10
  3816 | D:5      | Entered Level 5 of the Dungeon
  3828 | D:5      | Noticed Duvessa
  4175 | D:5      | Noticed Dowan
  4178 | D:5      | HP: 1/47 [Duvessa/+0 short sword (2)]
  4178 | D:5      | Killed from afar by Dowan

Levels and vault maps discovered:
D:1:      minmay_arrival_five_plusses, layout_loops_ring,
          chequers_serial_rivers_marsh, minmay_liquid_box
D:2:      layout_basic
D:3:      layout_rooms, lemuel_crystal_altar
D:4:      layout_basic, uniq_pikel
D:5:      layout_cave_pools, nicolae_overflow_crystal_walls,
          kennysheep_little_box, grunt_temple_overflow_diamond, temple_statues,
          first_ration, hangedman_abyss_or_decor_passed, uniq_duvessa

Skill      XL: |  1  2  3  4  5  6 |
---------------+-------------------+-----
Stealth        | 3 5 |  5.8
Shields        | 1 2 3 4 |  4.3
Conjurations   | 2 |  2.7
Fighting       | 1 3 |  3.8
Short Blades   | 1 3 |  3.7
Dodging        | |  2.0
Spellcasting   | |  2.0
Air Magic      | |  3.0

Action                   |  1- 3 |  4- 6 |  7- 9 || total
-------------------------+-------+-------+-------++-------
Melee: Unarmed           |    32 |       |       ||    32
       Tentacles         |     5 |    12 |     5 ||    22
       Constrict         |    13 |    22 |    12 ||    47
       Short sword       |    18 |    87 |    46 ||   151
 Cast: Shock             |    49 |       |       ||    49
  Use: Scroll            |     3 |     2 |     5 ||    10
       Potion            |       |       |     1 ||     1
 Stab: Sleeping          |     4 |     8 |     3 ||    15
       Distracted        |       |     1 |       ||     1
  Eat: Chunk             |     2 |     2 |     4 ||     8
       Ration            |       |     1 |       ||     1
Armor: Skin              |    13 |     4 |     3 ||    20
Dodge: Dodged            |    65 |    43 |    18 ||   126
Block: Buckler           |       |    11 |    16 ||    27
